 Dungeon Crawl Stone Soup version 0.23.2-30-g0e89c35649 (webtiles) character file.

Game seed: 8129081317381788590

69 Kairos the Sneak (level 4, 18/39 HPs)
             Began as a Deep Dwarf Assassin on June 11, 2019.
             Was a Believer of Lugonu.
             Quit the game on level 3 of the Dungeon.
             The game lasted 00:02:53 (1424 turns).

Kairos the Sneak (Deep Dwarf Assassin)              Turns: 1424, Time: 00:02:54

Health: 18/39      AC:  4    Str: 15    XL:     4   Next: 2%
Magic:  4/4        EV: 12    Int: 11    God:    Lugonu [**....]
Gold:   174        SH:  0    Dex: 15    Spells: 3/3 levels left

rFire    x . .     SeeInvis .   a - +2 dagger
rCold    + . .     Gourm    .   (no shield)
rNeg     . . .     Faith    .   n - +0 leather armour
rPois    .         Spirit   .   (no helmet)
rElec    .         Reflect  .   d - +0 cloak
rCorr    .         Harm     .   (no gloves)
MR       .....                  (no boots)
Stlth    +++.......             (no amulet)
HPRegen  0.00/turn              h - ring of ice
MPRegen  0.09/turn              (no ring)

@: non-regenerating
A: damage resistance, heal wounds, sense surroundings 1, no regeneration
a: Heal Wounds, Depart the Abyss, Bend Space, Renounce Religion


You were on level 3 of the Dungeon.
You worshipped Lugonu.
Lugonu was pleased with you.
You were hungry.

You visited 1 branch of the dungeon, and saw 3 of its levels.

You collected 174 gold pieces.

Inventory:

Hand Weapons
 a - a +2 dagger (weapon)
 b - a +0 blowgun
Missiles
 e - 8 poisoned needles
 f - 2 curare-tipped needles
Armour
 d - a +0 cloak (worn)
 n - a +0 leather armour (worn)
Jewellery
 h - a ring of ice (left hand)
Scrolls
 j - a scroll of noise {unknown}
 k - a scroll of teleportation {unknown}
 l - a scroll of remove curse {unknown}
 m - 2 scrolls of identify {unknown}
 o - 2 scrolls of enchant armour {unknown}
 p - a scroll of amnesia {unknown}
Potions
 c - a potion of heal wounds {unknown}
 i - a potion of curing {unknown}
Comestibles
 g - 5 rations


   Skills:
 + Level 2.1 Fighting
 + Level 2.2 Short Blades
 + Level 2.0 Throwing
 + Level 0.1 Armour
 + Level 2.0 Dodging
 + Level 6.0 Stealth


You had 3 spell levels left.
You didn't know any spells.
Your spell library was empty.

Dungeon Overview and Level Annotations

Branches:
Dungeon (3/15)

Altars:
Elyvilon
Okawaru
Qazlal
Lugonu


Innate Abilities, Weirdness & Mutations

You are resistant to damage.
You can heal yourself by infusing magical energy.
You passively map a small area around you.
You do not regenerate.


Message History

You hit the jackal.
You kill the jackal!
Lugonu accepts your kill. The jackal bites you.
The jackal barely misses you. x2
The jackal completely misses you.
Found a dagger.
The jackal barely misses you. The jackal barely misses you.
The jackal bites you but does no damage.
The jackal barely misses you.
The jackal bites you but does no damage.
The jackal closely misses you.
The jackal bites you but does no damage.
You open the door. The jackal closely misses you.
The jackal bites you but does no damage.
The jackal bites you. The jackal closely misses you. The jackal bites you.
The jackal misses you. The jackal barely misses you.
Are you sure you want to abandon this character and quit the game? (Confirm with "yes".)

* , * * , , , , ,
* * *** * * , , ,
***#.#########
#......@h.# , **
, ############.#
, #............#,
* , ,
#......#######,*
, ,
#......'.....# *,
, #......#####.#
* , ,
#.....)....# # *
#####......#.# *
.#######.#.#..#.#


You could see a jackal.

Vanquished Creatures
  An adder (D:2)
  3 dart slugs
  A ball python (D:3)
  3 bats
  6 giant cockroaches
  7 goblins
  A hobgoblin (D:2)
  6 jackals
  8 kobolds
  2 frilled lizards
  11 rats
49 creatures vanquished.

Notes
Turn   | Place    | Note
-------+----------+-------------------------------------------
     0 | D:1      | Kairos the Deep Dwarf Assassin began the quest for the Orb.
     0 | D:1      | Reached XP level 1. HP: 19/19 MP: 1/1
    47 | D:1      | Reached skill level 5 in Stealth
    98 | D:1      | Reached XP level 2. HP: 24/26 MP: 2/2
   494 | D:1      | Reached XP level 3. HP: 25/32 MP: 3/3
   717 | D:2      | Found a stormy altar of Qazlal.
   831 | D:2      | Found an iron altar of Okawaru.
  1212 | D:3      | Found a faded altar of an unknown god.
  1222 | D:3      | Became a worshipper of Lugonu the Unformed
  1222 | D:3      | Reached * piety under Lugonu
  1222 | D:3      | Reached ** piety under Lugonu
  1241 | D:3      | Found a white marble altar of Elyvilon.
  1254 | D:3      | Reached skill level 6 in Stealth
  1361 | D:3      | Reached XP level 4. HP: 18/39 MP: 4/4
  1424 | D:3      | Quit the game

Skill      XL: |  1  2  3 |
---------------+----------+-----
Stealth        | 5 6 |  6.0
Fighting       | 2 |  2.1
Throwing       | 2 |  2.0
Short Blades   | 2 |  2.2
Dodging        | 2 |  2.0
Armour         | |  0.1

Action                   |  1- 3 |  4- 6 || total
-------------------------+-------+-------++-------
Melee: Dagger            |   130 |     3 ||   133
 Stab: Sleeping          |    13 |       ||    13
  Eat: Chunk             |     1 |       ||     1
Armor: Robe              |    18 |       ||    18
       Leather armour    |    17 |     5 ||    22
Dodge: Dodged            |    73 |    13 ||    86
